SAA
ST. PETERSBURG THUNDER @ VIRGINIA BEACH WHALES
09/16/2041
 
TOP OF THE 1ST
St. Petersburg Thunder batting - Pitching for Virginia Beach Whales : LHP Cooper Carroll
Pitching: LHP Cooper Carroll
Batting: LHB Carlos Leyva 0-0: Called Strike
0-1: Ball
1-1: Swinging Strike
1-2: Fly out, F9 (Flyball, 9S, EV 86.2 MPH)
Batting: SHB Leonard Davis 0-0: Ball
1-0: Ball
2-0: Called Strike
2-1: Ball
3-1: Base on Balls
Batting: LHB Tippi Degré 0-0: Ball
Leonard Davis is caught stealing 2nd base 2-6
1-0: Ball
2-0: Foul Ball, location: 2F
2-1: SINGLE (Line Drive, 7S, EV 107.5 MPH)
Batting: LHB Shawn Kyllo 0-0: Fly out, F8 (Flyball, 78S, EV 86.9 MPH)
Top of the 1st over - 0 runs, 1 hit, 0 errors, 1 left on base; St. Petersburg 0 - Virginia Beach 0
BOTTOM OF THE 1ST
Virginia Beach Whales batting - Pitching for St. Petersburg Thunder : RHP John Weaver
Pitching: RHP John Weaver
Batting: RHB Óscar Cardozo 0-0: Ball
1-0: Called Strike
1-1: Fly out, F7 (Flyball, 78D, EV 88.1 MPH)
Batting: RHB Juan Oleastro 0-0: Ball
1-0: DOUBLE (Groundball, 5L, EV 104.4 MPH)
Batting: RHB Doug Chapman 0-0: Ball
1-0: Ball
2-0: Swinging Strike
2-1: Foul Ball, location: 2F
2-2: Ball
3-2: Strikes out looking
Batting: RHB Pat Geldart 0-0: Fly out, F8 (Flyball, 8LM, EV 95.6 MPH)
Bottom of the 1st over - 0 runs, 1 hit, 0 errors, 1 left on base; St. Petersburg 0 - Virginia Beach 0
TOP OF THE 2ND
St. Petersburg Thunder batting - Pitching for Virginia Beach Whales : LHP Cooper Carroll
Batting: LHB Lorenzo Ortíz 0-0: Ground out 6-3 (Groundball, 6, EV 93.1 MPH)
Batting: RHB Kiyohira Kan 0-0: Ball
1-0: Foul Ball, location: 2F
1-1: Foul Ball, location: 2F
1-2: Strikes out swinging
Batting: RHB David Filmer 0-0: Called Strike
0-1: Ball
1-1: Ball
2-1: Called Strike
2-2: Foul Ball, location: 2F
2-2: Strikes out looking
Top of the 2nd over - 0 runs, 0 hits, 0 errors, 0 left on base; St. Petersburg 0 - Virginia Beach 0
BOTTOM OF THE 2ND
Virginia Beach Whales batting - Pitching for St. Petersburg Thunder : RHP John Weaver
Batting: RHB Dave Thomas 0-0: Called Strike
0-1: Ball
1-1: Fly out, F3 (Popup, 3S, EV 61.9 MPH)
Batting: RHB Paul Pitts 0-0: Ball
1-0: Called Strike
1-1: Ball
2-1: Foul Ball, location: 2F
2-2: Ground out 6-3 (Groundball, 6, EV 81.9 MPH)
Batting: LHB Keith Pick 0-0: Hit by Pitch
Batting: LHB Henry Head 0-0: Called Strike
0-1: Ball
1-1: Swinging Strike
1-2: Foul Ball, location: 2F
1-2: Fly out, F4 (Popup, 4, EV 75.0 MPH)
Bottom of the 2nd over - 0 runs, 0 hits, 0 errors, 1 left on base; St. Petersburg 0 - Virginia Beach 0
TOP OF THE 3RD
St. Petersburg Thunder batting - Pitching for Virginia Beach Whales : LHP Cooper Carroll
Batting: RHB Cristo Mercado 0-0: Ball
1-0: SINGLE (Groundball, 56D, EV 108.8 MPH)
Batting: SHB Tekkan Hayagawa 0-0: Ball
1-0: Called Strike
1-1: Ball
2-1: Foul Ball, location: 2F
2-2: Foul Ball, location: 2F
2-2: Ball
3-2: Ground out U3 (Groundball, 3L, EV 83.8 MPH)
Cristo Mercado to second
Batting: LHB Carlos Leyva 0-0: Swinging Strike
0-1: Fly out, F8 (Flyball, 8RS, EV 93.8 MPH)
Batting: SHB Leonard Davis 0-0: Ball
1-0: Called Strike
1-1: Ball
2-1: Fly out, F5 (Popup, 5F, EV 65.0 MPH)
Top of the 3rd over - 0 runs, 1 hit, 0 errors, 1 left on base; St. Petersburg 0 - Virginia Beach 0
BOTTOM OF THE 3RD
Virginia Beach Whales batting - Pitching for St. Petersburg Thunder : RHP John Weaver
Batting: RHB Lloyd van Grootveld 0-0: Called Strike
0-1: Foul Ball, location: 2F
0-2: Strikes out looking
Batting: RHB Óscar Cardozo 0-0: Called Strike
0-1: Foul Ball, location: 2F
0-2: Ball
1-2: Foul Ball, location: 2F
1-2: Strikes out swinging
Batting: RHB Juan Oleastro 0-0: Ball
1-0: Foul Ball, location: 2F
1-1: SINGLE (Line Drive, 9S, EV 95.6 MPH)
Batting: RHB Doug Chapman 0-0: Swinging Strike
0-1: Ball
Wild Pitch!
Juan Oleastro to second
1-1: Fly out, F8 (Line Drive, 8LD, EV 95.6 MPH)
Bottom of the 3rd over - 0 runs, 1 hit, 0 errors, 1 left on base; St. Petersburg 0 - Virginia Beach 0
TOP OF THE 4TH
St. Petersburg Thunder batting - Pitching for Virginia Beach Whales : LHP Cooper Carroll
Batting: LHB Tippi Degré 0-0: Called Strike
0-1: Called Strike
0-2: Ball
1-2: Ball
2-2: Foul Ball, location: 2F
2-2: Foul Ball, location: 2F
2-2: Ball
3-2: Strikes out swinging
Batting: LHB Shawn Kyllo 0-0: Ball
1-0: Ball
2-0: Foul Ball, location: 2F
2-1: DOUBLE (Flyball, 8RXD, EV 109.4 MPH)
Batting: LHB Lorenzo Ortíz 0-0: Called Strike
Shawn Kyllo is caught stealing 3rd base 2-5
0-1: Swinging Strike
0-2: Strikes out swinging
Top of the 4th over - 0 runs, 1 hit, 0 errors, 0 left on base; St. Petersburg 0 - Virginia Beach 0
BOTTOM OF THE 4TH
Virginia Beach Whales batting - Pitching for St. Petersburg Thunder : RHP John Weaver
Batting: RHB Pat Geldart 0-0: Ball
1-0: Foul Ball, location: 2F
1-1: Called Strike
1-2: Ball
2-2: Foul Ball, location: 2F
2-2: Foul Ball, location: 2F
2-2: Foul Ball, location: 2F
2-2: Strikes out looking
Batting: RHB Dave Thomas 0-0: Ball
1-0: Fly out, F6 (Popup, 6M, EV 71.9 MPH)
Batting: RHB Paul Pitts 0-0: Ball
1-0: Called Strike
1-1: Ball
2-1: Foul Ball, location: 2F
2-2: Fly out, F8 (Flyball, 8RD, EV 84.4 MPH)
Bottom of the 4th over - 0 runs, 0 hits, 0 errors, 0 left on base; St. Petersburg 0 - Virginia Beach 0
TOP OF THE 5TH
St. Petersburg Thunder batting - Pitching for Virginia Beach Whales : LHP Cooper Carroll
Batting: RHB Kiyohira Kan 0-0: SINGLE (Groundball, 6D, EV 103.1 MPH)
Batting: RHB David Filmer 0-0: Bunted foul
0-1: Bunt missed!
0-2: Fly out, F7 (Line Drive, 7, EV 88.8 MPH)
Batting: RHB Cristo Mercado 0-0: Ball
1-0: Called Strike
1-1: Fly out, F9 (Flyball, 9LM, EV 94.4 MPH)
Batting: SHB Tekkan Hayagawa 0-0: Foul Ball, location: 2F
0-1: Swinging Strike
0-2: Strikes out swinging
Top of the 5th over - 0 runs, 1 hit, 0 errors, 1 left on base; St. Petersburg 0 - Virginia Beach 0
BOTTOM OF THE 5TH
Virginia Beach Whales batting - Pitching for St. Petersburg Thunder : RHP John Weaver
Batting: LHB Keith Pick 0-0: Fly out, F7 (Line Drive, 7, EV 103.1 MPH)
Batting: LHB Henry Head 0-0: Foul Ball, location: 2F
0-1: Foul Ball, location: 2F
0-2: Ball
1-2: Foul Ball, location: 2F
1-2: Foul Ball, location: 2F
1-2: Ball
2-2: Ball
3-2: Ground out 6-3 (Groundball, 6M, EV 81.9 MPH)
Batting: RHB Lloyd van Grootveld 0-0: Ball
1-0: Swinging Strike
1-1: Swinging Strike
1-2: Ball
2-2: Strikes out swinging
Bottom of the 5th over - 0 runs, 0 hits, 0 errors, 0 left on base; St. Petersburg 0 - Virginia Beach 0
TOP OF THE 6TH
St. Petersburg Thunder batting - Pitching for Virginia Beach Whales : LHP Cooper Carroll
Batting: LHB Carlos Leyva 0-0: Ball
1-0: Ball
2-0: Fly out, F8 (Line Drive, 8RD, EV 85.6 MPH)
Batting: SHB Leonard Davis 0-0: Foul Ball, location: 2F
0-1: Foul Ball, location: 2F
0-2: Ball
1-2: Foul Ball, location: 2F
1-2: Ground out 1-3 (Groundball, P, EV 83.8 MPH)
Batting: LHB Tippi Degré 0-0: Fly out, F8 (Line Drive, 8RD, EV 84.4 MPH)
Top of the 6th over - 0 runs, 0 hits, 0 errors, 0 left on base; St. Petersburg 0 - Virginia Beach 0
BOTTOM OF THE 6TH
Virginia Beach Whales batting - Pitching for St. Petersburg Thunder : RHP John Weaver
Batting: RHB Óscar Cardozo 0-0: Ball
1-0: Ball
2-0: Foul Ball, location: 2F
2-1: Ball
3-1: Swinging Strike
3-2: Ground out U3 (Groundball, 3, EV 105.0 MPH)
Batting: RHB Juan Oleastro 0-0: Ball
1-0: Ball
2-0: Called Strike
2-1: Ball
3-1: Base on Balls
Batting: RHB Doug Chapman 0-0: Called Strike
0-1: Swinging Strike
0-2: Ball
1-2: Strikes out swinging
Batting: RHB Pat Geldart 0-0: Called Strike
0-1: Called Strike
0-2: Fly out, F9 (Flyball, 9, EV 96.9 MPH)
Bottom of the 6th over - 0 runs, 0 hits, 0 errors, 1 left on base; St. Petersburg 0 - Virginia Beach 0
TOP OF THE 7TH
St. Petersburg Thunder batting - Pitching for Virginia Beach Whales : LHP Cooper Carroll
Batting: LHB Shawn Kyllo 0-0: Called Strike
0-1: Foul Ball, location: 2F
0-2: Foul Ball, location: 2F
0-2: Ball
1-2: Foul Ball, location: 2F
1-2: Foul Ball, location: 2F
1-2: Ball
2-2: Foul Ball, location: 2F
2-2: SOLO HOME RUN (Line Drive, 9LD, EV 101.2 MPH), Distance : 344 ft
Batting: LHB Lorenzo Ortíz 0-0: Foul Ball, location: 2F
0-1: Ball
1-1: Ball
2-1: Foul Ball, location: 2F
2-2: Ground out 4-3 (Groundball, 34, EV 108.1 MPH)
Pitching: RHP John Stevens
Batting: RHB Kiyohira Kan 0-0: Called Strike
0-1: Ground out 4-3 (Groundball, 4D, EV 97.5 MPH)
Batting: RHB David Filmer 0-0: Ball
1-0: Ball
2-0: Called Strike
2-1: Foul Ball, location: 2F
2-2: Ball
3-2: SINGLE (Groundball, 6MS, EV 88.1 MPH) (infield hit)
Batting: RHB Cristo Mercado 0-0: Ball
1-0: Reached on error, E1 (Groundball, 25, EV 69.4 MPH)
David Filmer to third
Batting: SHB Tekkan Hayagawa 0-0: Called Strike
0-1: Foul Ball, location: 2F
0-2: Ground out 4-3 (Groundball, 4, EV 80.0 MPH)
Top of the 7th over - 1 run, 2 hits, 1 error, 2 left on base; St. Petersburg 1 - Virginia Beach 0
BOTTOM OF THE 7TH
Virginia Beach Whales batting - Pitching for St. Petersburg Thunder : RHP John Weaver
Batting: RHB Dave Thomas 0-0: Called Strike
0-1: Fly out, F7 (Flyball, 7, EV 89.4 MPH)
Batting: RHB Paul Pitts 0-0: Ball
1-0: Called Strike
1-1: Called Strike
1-2: Fly out, F8 (Line Drive, 8LD, EV 88.8 MPH)
Batting: LHB Keith Pick 0-0: Ball
1-0: Called Strike
1-1: Called Strike
1-2: Foul Ball, location: 2F
1-2: Ball
2-2: Foul Ball, location: 2F
2-2: DOUBLE (Line Drive, 78D, EV 103.8 MPH)
Pitching: LHP Adrian Robertson
Pinch Hitting: RHB Sergio San Martín 0-0: Ball
1-0: Fly out, F9 (Flyball, 89M, EV 88.1 MPH)
Bottom of the 7th over - 0 runs, 1 hit, 0 errors, 1 left on base; St. Petersburg 1 - Virginia Beach 0
TOP OF THE 8TH
St. Petersburg Thunder batting - Pitching for Virginia Beach Whales : RHP John Stevens
Now in LF: Roberto González
Batting: LHB Carlos Leyva 0-0: Foul Ball, location: 2F
0-1: Ball
1-1: Ball
2-1: Ball
3-1: Base on Balls
Batting: SHB Leonard Davis 0-0: Ball
Pickoff Throw by Catcher to First - Out!
1-0: Ground out 6-3 (Groundball, 6, EV 84.4 MPH)
Batting: LHB Tippi Degré 0-0: Called Strike
0-1: Ball
1-1: Swinging Strike
1-2: Strikes out swinging
Top of the 8th over - 0 runs, 0 hits, 0 errors, 0 left on base; St. Petersburg 1 - Virginia Beach 0
BOTTOM OF THE 8TH
Virginia Beach Whales batting - Pitching for St. Petersburg Thunder : LHP Adrian Robertson
Batting: RHB Lloyd van Grootveld 0-0: Ball
1-0: Called Strike
1-1: Ball
2-1: Foul Ball, location: 2F
2-2: SINGLE (Groundball, 56D, EV 101.2 MPH)
Batting: RHB Óscar Cardozo 0-0: Ball
1-0: Ball
2-0: Ball
3-0: Called Strike
3-1: Called Strike
3-2: Foul Ball, location: 2F
3-2: Base on Balls
Lloyd van Grootveld to second
Pinch Runner at 2nd Dan Pike:
Batting: RHB Juan Oleastro 0-0: Swinging Strike
0-1: Swinging Strike
0-2: Strikes out swinging
Batting: RHB Doug Chapman 0-0: Called Strike
0-1: Foul Ball, location: 2F
0-2: Ball
1-2: Ball
2-2: Ball
3-2: Foul Ball, location: 2F
3-2: Fielders Choice at 2nd, 6-4 (Groundball, 6, EV 105.0 MPH)
Dan Pike to third
Batting: RHB Pat Geldart 0-0: Ball
1-0: Swinging Strike
1-1: Foul Ball, location: 2F
1-2: Fly out, F7 (Flyball, 7S, EV 86.2 MPH)
Bottom of the 8th over - 0 runs, 1 hit, 0 errors, 2 left on base; St. Petersburg 1 - Virginia Beach 0
TOP OF THE 9TH
St. Petersburg Thunder batting - Pitching for Virginia Beach Whales : RHP John Stevens
Now at C: Dan Pike
Batting: LHB Shawn Kyllo 0-0: Ball
1-0: Swinging Strike
1-1: DOUBLE (Line Drive, 7LS, EV 96.9 MPH)
Batting: LHB Lorenzo Ortíz 0-0: Intentional Walk
Batting: RHB Kiyohira Kan 0-0: Bunted foul
0-1: Sac Bunt to 25 - play at first, batter OUT! 5-4
Shawn Kyllo to third
Lorenzo Ortíz to second
Batting: RHB David Filmer 0-0: Foul Ball, location: 2F
0-1: Ground out 5-3 (Groundball, 5S, EV 88.8 MPH)
Batting: RHB Cristo Mercado 0-0: Fly out, F7 (Flyball, 7D, EV 90.6 MPH)
Top of the 9th over - 0 runs, 1 hit, 0 errors, 2 left on base; St. Petersburg 1 - Virginia Beach 0
BOTTOM OF THE 9TH
Virginia Beach Whales batting - Pitching for St. Petersburg Thunder : LHP Adrian Robertson
Pitching: LHP Gabriel Leeds
Batting: RHB Dave Thomas 0-0: Foul Ball, location: 2F
0-1: Swinging Strike
0-2: Ball
1-2: Ball
2-2: DOUBLE (Flyball, 8LXD, EV 104.4 MPH)
Batting: RHB Paul Pitts 0-0: Ball
1-0: SINGLE (Line Drive, 5D, EV 99.4 MPH)
Dave Thomas to third
Runner from 3rd tries for Home, SAFE, no throw by LF
Batting: LHB Keith Pick 0-0: Called Strike
0-1: Ball
1-1: Ball
2-1: Fielders Choice at 2nd, 4-6 (Groundball, 4, EV 107.5 MPH)
Batting: RHB Roberto González 0-0: Fielders Choice at 2nd, 6-4 (Groundball, 6, EV 89.4 MPH)
Batting: RHB Dan Pike 0-0: Foul Ball, location: 2F
0-1: Ball
1-1: Swinging Strike
1-2: Fly out, F9 (Flyball, 9LDF, EV 110.0 MPH)
Bottom of the 9th over - 1 run, 2 hits, 0 errors, 1 left on base; St. Petersburg 1 - Virginia Beach 1
TOP OF THE 10TH
St. Petersburg Thunder batting - Pitching for Virginia Beach Whales : RHP John Stevens
Pitching: LHP Mike Park
Pinch Hitting: RHB Gene Blanton 0-0: Called Strike
0-1: Ball
1-1: Foul Ball, location: 2F
1-2: Strikes out swinging
Batting: LHB Carlos Leyva 0-0: Ball
1-0: Called Strike
1-1: Foul Ball, location: 2F
1-2: Ball
2-2: Foul Ball, location: 2F
2-2: Ball
3-2: Ground out 6-3 (Groundball, 6M, EV 90.0 MPH)
Batting: SHB Leonard Davis 0-0: Ball
1-0: Called Strike
1-1: Swinging Strike
1-2: Strikes out swinging
Top of the 10th over - 0 runs, 0 hits, 0 errors, 0 left on base; St. Petersburg 1 - Virginia Beach 1
BOTTOM OF THE 10TH
Virginia Beach Whales batting - Pitching for St. Petersburg Thunder : LHP Gabriel Leeds
Now at SS: Jaxton Goleta
Batting: RHB Óscar Cardozo 0-0: Ball
1-0: Ground out 6-3 (Groundball, 6, EV 96.9 MPH)
Batting: RHB Juan Oleastro 0-0: Ball
1-0: Ball
2-0: Called Strike
2-1: Called Strike
2-2: Ball
3-2: Strikes out swinging
Batting: RHB Doug Chapman 0-0: Ball
1-0: Called Strike
1-1: Swinging Strike
1-2: SOLO HOME RUN (Flyball, 9D, EV 95.6 MPH), Distance : 373 ft
Tuesday, January 5th, 2021 - OOTP Baseball 20.8 Build 74